 Dungeon Crawl Stone Soup version 0.30-a0-779-g7971cf19c3 (webtiles) character file.

Game seed: 2017656062613013557

44 cforsyth the Firebug (level 3, -1/19 HPs)
             Began as a Tengu Fire Elementalist on Feb 17, 2023.
             Succumbed to an adder's poison
             ... on level 2 of the Dungeon.
             The game lasted 00:02:13 (1579 turns).

cforsyth the Firebug (Tengu Fire Elementalist)      Turns: 1579, Time: 00:02:14

Health: -1/19      AC:  2    Str: 10    XL:     3   Next: 60%
Magic:  3/7        EV: 12    Int: 15    God:
Gold:   59         SH:  0    Dex: 14    Spells: 6/7 levels left

rFire   . . .      SeeInvis .    (no weapon)
rCold   . . .      Faith    .    (no shield)
rNeg    . . .      Spirit   .    a - +0 robe
rPois   .          Reflect  .    (helmet restricted)
rElec   .          Harm     .    (no cloak)
rCorr   .          Rampage  .    (no gloves)
Will    .....                    (boots unavailable)
Stlth   ++                       (no amulet)
HPRegen 0.23/turn                g - ring of flight
MPRegen 0.10/turn                (no ring)

@: lethally poisoned (-1 -> -5), flying
A: beak, talons 3
a: no special abilities


You were on level 2 of the Dungeon.
You visited 1 branch of the dungeon, and saw 2 of its levels.

You collected 59 gold pieces.

Inventory:

Armour
 a - a +0 robe (worn)
Jewellery
 g - a ring of flight (left hand)
Scrolls
 h - a scroll of fog {unknown}
Potions
 b - a potion of magic
 c - a potion of berserk rage {unknown}
 d - 3 potions of mutation {unknown}
 e - a potion of might {unknown}
 f - a potion of cancellation {unknown}


   Skills:
 - Level 2.1 Dodging
 - Level 2.0 Stealth
 + Level 2.6 Spellcasting
 + Level 2.7 Conjurations
 + Level 3.9 Fire Magic


You had 6 spell levels left.
You knew the following spells:

 Your Spells              Type           Power      Damage    Failure   Level
a - Foxfire               Conj/Fire      48%        2x1d6     5%          1

Your spell library contained the following spells:

 Spells                   Type           Power      Damage    Failure   Level
 Scorch                   Fire           26%        2d6       6%          2
 Inner Flame              Hex/Fire       7%         N/A       28%         3
 Kindle Blastsparks       Fire/Tloc/Air  10%        2d10      36%         3
 Flame Wave               Conj/Fire      12%        2d6       45%         4


Dungeon Overview and Level Annotations

Branches:
Dungeon (2/15)

Altars:

Annotations:
D:2 Robin


Innate Abilities, Weirdness & Mutations

You have a beak for a mouth.
You have claws for feet.


Message History

The adder is almost dead.
You are out of magic!
The adder attacks as you move away! The adder barely misses you.
A jackal comes into view.
The jackal barks!
You hear a bark!
The adder barely misses you. The adder attacks as you move away!
The adder closely misses you. The jackal attacks as you move away!
The jackal closely misses you. x2
The jackal misses you. The jackal attacks as you move away!
The jackal bites you. x2
The jackal attacks as you move away! The jackal bites you.
The jackal closely misses you.
A jackal comes into view.
There is an open door here.
The jackal bites you. The jackal attacks as you move away!
The jackal bites you. The jackal barely misses you.
The jackal attacks as you move away!
The jackal bites you but does no damage.
The jackal attacks as you move away! The jackal bites you.
The jackal bites you but does no damage.
The jackal attacks as you move away! The jackal bites you.
The jackal attacks as you move away! The jackal closely misses you.
The jackal barely misses you. The jackal attacks as you move away!
The jackal barely misses you.
A frilled lizard comes into view.
The jackal bites you but does no damage.
Things that are here:
a +0 club; a +0 sling; a goblin corpse The jackal attacks as you move away!
The jackal bites you.
The frilled lizard hisses angrily.
The jackal bites you.
* * * LOW HITPOINT WARNING * * *
You see here a +0 ring mail.
The jackal attacks as you move away! The jackal barely misses you.
The adder attacks as you move away! The adder bites you.
* * * LOW HITPOINT WARNING * * *
You are lethally poisoned!
The adder poisons you!
You die...

#....# #............# #....##
#####.....###..#
#....##.#...#.....# #..#
#....##.#...#.....###..####
g.....#...h.........#.....#
#.h...###.......#...#.###.# .
##.#...........l....#.###.#####..
#.#########))S#.................
#.........g.[h.@.#.#............
###########...##.#....###.######
#...##.#....+.........
######.##...####..##..
#................
##....#######.... #....# #....
#....# #.#.. ###### #.#..


You could see a gnoll, an adder, 2 jackals and a frilled lizard.

Vanquished Creatures
  A worm (D:2)
  A dart slug (D:1)
  6 endoplasms
  A giant cockroach (D:1)
  9 goblins
  4 hobgoblins
  4 quokkas
  2 ball pythons (D:1)
  A bat (D:1)
  A kobold (D:1)
  4 rats
34 creatures vanquished.

Vanquished Creatures (others)
  163 foxfires
163 creatures vanquished.

Grand Total: 197 creatures vanquished

Notes
Turn   | Place    | Note
-------+----------+-------------------------------------------
     0 | D:1      | cforsyth the Tengu Fire Elementalist began the quest for
                  | the Orb.
     0 | D:1      | Reached XP level 1. HP: 10/10 MP: 4/4
   169 | D:1      | Reached XP level 2. HP: 15/15 MP: 0/6
   833 | D:1      | Found a faded altar of an unknown god.
   947 | D:1      | Reached XP level 3. HP: 19/19 MP: 4/7
  1366 | D:2      | Noticed Robin
  1579 | D:2      | Succumbed to an adder's poison

Illustrated notes

Levels and vault maps discovered:
D:1:      dpeg_arrival_tiny_a, layout_rooms, chequers_ecumenical_altar_island
D:2:      minmay_thinvault, layout_basic, uniq_robin

Skill      XL: |  1  2 |
---------------+-------+-----
Conjurations   | 2 |  2.7
Dodging        | |  2.1
Stealth        | |  2.0
Spellcasting   | |  2.6
Fire Magic     | |  3.9

Action                     || total
---------------------------++-------
  Melee: Unarmed           ||     3
         Peck              ||     1
         Kick              ||     1
   Cast: Foxfire           ||    96
 Armour: Robe              ||     4
  Dodge: Dodged            ||    13

Table legend: (Time is in decaauts)
 A = Elapsed time spent in this place.
 B = Non-inter-level travel time spent in this place.
 C = Inter-level travel time spent in this place.
 D = Time resting spent in this place.
 E = Time spent auto-exploring this place.
 F = Levels seen in this place.
 G = Mean time per level.
                   A        B        C        D        E       F      G
               +--------+--------+--------+--------+--------+-----+--------+
         Total |   1580 |   1567 |     13 |     46 |   1223 |   2 |  790.0 |
       Dungeon |   1580 |   1567 |     13 |     46 |   1223 |   2 |  790.0 |
               +--------+--------+--------+--------+--------+-----+--------+

Top non-repeatable levels by time:
     D:1: 1081 daAuts
     D:2: 499 daAuts
